 Dungeon Crawl Stone Soup version 0.24-a0-388-gb57f36d6e0 (webtiles) character file.

Game seed: 16753898502749019616

3225 Gargoyl the Chopper (level 9, -2/74 HPs)
             Began as a Centaur Abyssal Knight on June 4, 2019.
             Was an Elder of Lugonu.
             Killed by the demon whip "Spellbinder" (10 damage)
             ... on level 7 of the Dungeon.
             The game lasted 00:10:51 (7530 turns).

Gargoyl the Chopper (Centaur Abyssal Knight)        Turns: 7530, Time: 00:10:52

Health: -2/74      AC: 17    Str: 17    XL:     9   Next: 66%
Magic:  12/13      EV:  4    Int: 11    God:    Lugonu [****..]
Gold:   232        SH:  0    Dex: 10    Spells: 8/8 levels left

rFire    . . .     SeeInvis .   H - +2 hand axe (vamp)
rCold    . . .     Gourm    .   (no shield)
rNeg     . . .     Faith    .   e - +0 plate armour
rPois    +         Spirit   .   o - +2 hat
rElec    .         Reflect  .   v - +0 cloak
rCorr    .         Harm     .   f - +2 pair of gloves
MR       .....     Clarity  +   (no barding)
Stlth    ..........             d - amulet of rage
HPRegen  0.22/turn              q - ring of poison resistance
MPRegen  0.13/turn              r - +1 ring of slaying

@: very quick
A: large, hooves 3, blink, clarity, deformed body, speed 2, tough skin 3
a: Blink, Depart the Abyss, Bend Space, Banish, Corrupt, Renounce Religion,
Evoke Berserk Rage


You were on level 7 of the Dungeon.
You worshipped Lugonu.
Lugonu was greatly pleased with you.
You were not hungry.

You visited 1 branch of the dungeon, and saw 7 of its levels.
You visited the Abyss 1 time.
You also visited: Sewer and Ossuary.

You collected 232 gold pieces.

Inventory:

Hand Weapons
 a - a +2 hand axe
 H - a +2 vampiric hand axe (weapon)
Missiles
 k - 16 boomerangs (quivered)
Armour
 e - a +0 plate armour (worn)
 f - a +2 pair of gloves (worn)
 o - a +2 hat (worn)
 v - a +0 cloak (worn)
Jewellery
 d - an amulet of rage (around neck)
 q - a ring of poison resistance (left hand)
 r - a +1 ring of slaying (right hand)
Wands
 s - a wand of iceblast (7)
 y - a wand of enslavement (7)
 z - a wand of scattershot (8)
 B - a wand of flame (18)
 F - a wand of acid (9)
Scrolls
 l - a scroll of remove curse
 m - a scroll of identify
 p - a scroll of blinking
 w - 4 scrolls of teleportation
 A - a scroll of amnesia
 C - 3 scrolls of fog
Potions
 b - 7 potions of haste
 g - 8 potions of curing
 h - a potion of resistance
 i - a potion of mutation
 j - a potion of might
 n - 2 potions of agility
 t - 2 potions of lignification
 u - 2 potions of heal wounds
 x - a potion of cancellation {unknown}
 D - 2 potions of flight {unknown}
 E - a potion of magic {unknown}
Comestibles
 c - 8 rations
 G - a chunk of flesh


   Skills:
 + Level 5.6 Fighting
 + Level 7.0 Axes
 + Level 1.3 Throwing
 * Level 5.6 Armour
 * Level 4.0 Dodging
 * Level 5.8 Invocations
 + Level 0.4 Evocations


You had 8 spell levels left.
You didn't know any spells.
Your spell library contained the following spells:

 Spells                   Type           Power        Failure   Level  Hunger
 Sting                    Conj/Pois      #...         100%        1    ##.....
 Poisonous Vapours        Pois/Air       #.....       100%        2    ###....
 Mephitic Cloud           Conj/Pois/Air  #.......     100%        3    ####...
 Olgreb's Toxic Radiance  Pois           #.......     100%        4    #####..
 Venom Bolt               Conj/Pois      #.........   100%        5    ######.


Dungeon Overview and Level Annotations

Branches:
Dungeon (7/15)             Temple (0/1) D:6

Altars:
Gozag
Makhleb
Nemelex Xobeh
Sif Muna
Xom
The Shining One


Innate Abilities, Weirdness & Mutations

You have hooves in place of feet.
Armour fits poorly on your strangely shaped body.
You cover ground very quickly.
You have extremely tough skin. (AC +3)
You can translocate small distances at will.
You possess an exceptional clarity of mind.


Message History

The crimson imp is moderately wounded.
The crimson imp hits you but does no damage.
You feel a bit tired.
You hit the crimson imp but do no damage.
The crimson imp is lightly wounded.
The crimson imp hits you but does no damage.
You feel clumsy.
You feel very strange.
* * * LOW HITPOINT WARNING * * *
You closely miss the crimson imp.
The crimson imp is lightly wounded.
The crimson imp hits you with the +5 demon whip "Spellbinder" {antimagic, MR+}.
* * * LOW HITPOINT WARNING * * *
You feel your power leaking away.
You feel a strange surge of energy!
You closely miss the crimson imp.
The crimson imp shouts, "Slither hence, thou paunchy tickle-brained flirt-gill!"
The crimson imp hits you but does no damage.
You are encased in ice!
You die...

##. .. ###########.## #
# #.........#... .# ..(
..###'###..#.. #.#..#
.##..#..##....###.....#
##..###..##....5@|....#
#..# ##..####'###....#
..# ##..#..)#.# .#.# .#
##(#)#...# # #
##†..(.## #.##....#
#..#...#.# #..####o###
#..# #..5..#


You could see a crimson imp.

Vanquished Creatures
  Pikel (D:5)
  A troll (D:7)
  Grinder (D:5)
  The ghost of Brecoman the Sneak, an amateur KoEn (D:4)
  3 slaves (D:5)
  A black bear (D:6)
  A phantom (D:6)
  2 ogres
  4 centaurs
  A big kobold (Sewer)
  3 bullfrogs
  A wyvern zombie (D:7)
  4 wights (D:7)
  2 howler monkeys
  A crimson imp (D:7)
  3 hounds
  An orc priest (D:3)
  3 centaur zombies
  Crazy Yiuf (D:3)
  3 orc wizards
  2 bullfrog skeletons
  Jessica (D:2)
  3 iguanas
  Ijyb (D:3)
  5 worker ants
  3 big kobold zombies (Ossuary)
  5 mummies (Ossuary)
  A worker ant zombie (D:5)
  13 adders
  3 river rats (Sewer)
  A shadow imp (D:6)
  An ooze (Sewer)
  An adder skeleton (D:4)
  5 worms
  4 dart slugs
  5 leopard geckos
  12 orcs
  6 bats
  3 giant cockroaches
  19 goblins
  4 hobgoblins
  2 jackals (D:2)
  2 quokkas (D:3)
  A ball python (D:5)
  4 frilled lizards
  4 hobgoblin zombies (Ossuary)
  14 kobolds
  A quokka skeleton (D:6)
  12 rats
176 creatures vanquished.

Notes
Turn   | Place    | Note
-------+----------+-------------------------------------------
     0 | Abyss:1  | Gargoyl the Centaur Abyssal Knight began the quest for the
                  | Orb.
     0 | Abyss:1  | Reached XP level 1. HP: 19/19 MP: 2/2
   102 | Abyss:1  | Noticed a starcursed mass
   110 | Abyss:1  | Noticed a chaos spawn
   134 | Abyss:1  | Noticed a wretched star
   136 | D:1      | Escaped the Abyss
   679 | D:1      | Reached XP level 2. HP: 26/26 MP: 3/3
   834 | D:1      | Reached * piety under Lugonu
  1071 | D:1      | Reached skill level 2 in Axes
  1075 | D:1      | Reached skill level 1 in Dodging
  1236 | D:2      | Reached XP level 3. HP: 29/31 MP: 4/4
  1337 | D:2      | Noticed Jessica
  1342 | D:2      | Killed Jessica
  1342 | D:2      | Reached XP level 4. HP: 40/40 MP: 5/5
  1604 | D:2      | Found a burning altar of Makhleb.
  1604 | D:2      | Found a deep blue altar of Sif Muna.
  1605 | D:2      | Found a glowing golden altar of the Shining One.
  1618 | D:2      | Found a sparkling altar of Nemelex Xobeh.
  1977 | D:2      | HP: 2/40 [poisoned by a kobold]
  1985 | D:2      | HP: 1/40 [poisoned by a kobold]
  2376 | D:2      | Found a glowing golden altar of the Shining One.
  2507 | D:3      | HP: 2/40 [leopard gecko (4)]
  2802 | D:3      | Reached XP level 5. HP: 43/46 MP: 5/7
  2921 | D:3      | Reached ** piety under Lugonu
  3058 | D:3      | Noticed Ijyb
  3077 | D:3      | Killed Ijyb
  3077 | D:3      | Reached skill level 3 in Axes
  3161 | D:3      | Reached XP level 6. HP: 50/52 MP: 8/8
  3473 | D:3      | Found a runed translucent door.
  3474 | D:3      | Noticed Crazy Yiuf
  3688 | D:3      | Gained mutation: You can translocate small distances at
                  | will. [potion of mutation]
  3688 | D:3      | Gained mutation: You possess an exceptional clarity of
                  | mind. [potion of mutation]
  3688 | D:3      | Gained mutation: You are agile. (Dex +2) [potion of
                  | mutation]
  3697 | D:3      | Killed Crazy Yiuf
  4160 | D:4      | Found a runed translucent door.
  4165 | D:4      | Noticed Brecoman's ghost (amateur KoEn)
  4180 | D:4      | Killed Brecoman's ghost
  4180 | D:4      | Reached XP level 7. HP: 59/59 MP: 9/9
  4477 | D:4      | Found a glowing drain.
  4481 | Sewer    | Entered a sewer
  4535 | Sewer    | Reached skill level 4 in Axes
  4878 | D:5      | Entered Level 5 of the Dungeon
  4924 | D:5      | Reached *** piety under Lugonu
  4979 | D:5      | Noticed Grinder
  4999 | D:5      | Killed Grinder
  5015 | D:5      | Reached XP level 8. HP: 46/67 MP: 11/11
  5083 | D:5      | Found a sand-covered staircase.
  5090 | Ossuary  | Entered an ossuary
  5157 | Ossuary  | Reached skill level 5 in Axes
  5780 | D:5      | Noticed Pikel
  5829 | D:5      | Killed Pikel
  6316 | D:6      | Reached skill level 6 in Axes
  6354 | D:6      | Reached skill level 1 in Throwing
  6368 | D:6      | Reached skill level 5 in Fighting
  6368 | D:6      | Reached skill level 5 in Invocations
  6368 | D:6      | Reached XP level 9. HP: 58/74 MP: 12/12
  6393 | D:6      | Found a staircase to the Ecumenical Temple.
  6453 | D:6      | Reached skill level 5 in Armour
  6706 | D:6      | Found a shimmering altar of Xom.
  6706 | D:6      | Found an opulent altar of Gozag.
  7147 | D:7      | Reached **** piety under Lugonu
  7488 | D:7      | Identified the cursed ring of Kuatimog {+Inv MR+ Str-5
                  | Stlth+}
  7489 | D:7      | Noticed a troll
  7491 | D:7      | Noticed a two-headed ogre
  7518 | D:7      | Killed a troll
  7518 | D:7      | Reached skill level 7 in Axes
  7528 | D:7      | Lost mutation: You are agile. (Dex +2) [the demon whip
                  | "Spellbinder"]
  7530 | D:7      | Killed by the demon whip "Spellbinder"

Levels and vault maps discovered:
D:1:      dpeg_arrival_snail, layout_basic, nrook_uturn
D:2:      layout_basic, nicolae_overflow_quartered_altars,
          minmay_stone_trees_small, tso_altar, uniq_jessica
D:3:      kennysheep_the_goblin_king, layout_loops_corners, first_ration,
          uniq_crazy_yiuf_cottage
D:4:      layout_rooms, gup_sewer_entry_spiral, ebering_ghost_reflecting_pool,
          minmay_distorted, uniq_ijyb
D:5:      layout_basic, nicolae_ossuary_entry_ruins, skrybe_limestone_x,
          uniq_pikel, uniq_grinder
D:6:      layout_loops_ring, gammafunk_temple_overflow_statue,
          minmay_temple_entry_wispy, kennysheep_generic_room_11
D:7:      minmay_the_grid_octo_tiled_squarecenter [minmay_the_grid_octo_77,
          minmay_the_grid_octo_checkered, minmay_the_grid_octo_fat_diamond,
          minmay_the_grid_octo_clover_2,
          minmay_the_grid_square_5x5_megaprize_open,
          minmay_the_grid_square_5x5_minivault,
          minmay_the_grid_square_5x5_half_checkered,
          minmay_the_grid_square_5x5_c, minmay_the_grid_square_5x5_mess],
          layout_basic, serial_shops, shop, grunt_livestock, nrook_mini_vaults,
          nicolae_lava_and_water, minmay_misc_feat_doors

Skill      XL: |  1  2  3  4  5  6  7  8  9 |
---------------+----------------------------+-----
Axes           | 2 3 4 6 7 |  7.0
Dodging        | 1 2 3 4 |  4.0
Armour         | 2 3 4 5 |  5.6
Invocations    | 3 4 5 |  5.8
Fighting       | 4 5 |  5.6
Throwing       | 1 |  1.3
Evocations     | |  0.4

Action                   |  1- 3 |  4- 6 |  7- 9 || total
-------------------------+-------+-------+-------++-------
Melee: Hand axe          |    73 |   195 |   405 ||   673
       Kick              |    13 |    40 |   127 ||   180
Throw: Boomerang         |       |     4 |     9 ||    13
Invok: Depart the Abyss  |     1 |       |       ||     1
 Abil: Evoke Berserk Rag |       |       |     2 ||     2
  Use: Potion            |     3 |     2 |       ||     5
       Scroll            |     2 |    10 |     7 ||    19
  Eat: Chunk             |     1 |     4 |     2 ||     7
       Ration            |       |     1 |     3 ||     4
Armor: Plate armour      |    73 |   250 |   320 ||   643
Dodge: Dodged            |     7 |    36 |    50 ||    93

Table legend:
 A = Non-vault XP
 B = Vault XP
 C = Vault XP percentage of total XP
 D = Non-vault monster count
 E = Vault monster count
 F = Vault count percentage of total count
                 A         B        C        D         E       F
            +---------+---------+-------+---------+---------+-------
      Total |    2291 |    2317 |  50.3 |     113 |      60 |  34.7
            +---------+---------+-------+---------+---------+-------
        D:1 |      40 |       0 |   0.0 |      23 |       0 |   0.0
        D:2 |      90 |      37 |  29.1 |      23 |       1 |   4.2
        D:3 |     214 |      88 |  29.1 |      25 |       8 |  24.2
        D:4 |     181 |     175 |  49.2 |       6 |       9 |  60.0
        D:5 |     224 |     874 |  79.6 |       9 |       2 |  18.2
        D:6 |     924 |      32 |   3.3 |      18 |       1 |   5.3
        D:7 |     618 |     671 |  52.1 |       9 |       9 |  50.0
      Sewer |       0 |     177 | 100.0 |       0 |      16 | 100.0
    Ossuary |       0 |     263 | 100.0 |       0 |      14 | 100.0
            +---------+---------+-------+---------+---------+-------
